 Dungeon Crawl Stone Soup version 0.24.0-125-gc4c63601f3 (webtiles) character file.

Game seed: 3729421836203486780, levelgen mode: deterministic

6 Descartes the Skirmisher (level 1, 0/10 HPs)
             Began as a Felid Wanderer on Mar 5, 2020.
             Slain by a bat (1 damage)
             ... on level 1 of the Dungeon.
             The game lasted 00:00:45 (238 turns).

Descartes the Skirmisher (Felid Wanderer)            Turns: 238, Time: 00:00:46

Health: 0/10       AC:  1    Str:  8    XL:     1   Next: 75%
Magic:  4/4        EV: 15    Int: 13    God:
Gold:   17         SH:  0    Dex: 15    Spells: 4/4 levels left
                                        Lives:  0   Deaths: 0

rFire    . . .     SeeInvis +     - Unarmed
rCold    . . .     Gourm    .   (shield unavailable)
rNeg     . . .     Faith    .   (armour unavailable)
rPois    .         Spirit   .   (helmet unavailable)
rElec    .         Reflect  .   (cloak unavailable)
rCorr    .         Harm     .   (gloves unavailable)
MR       .....                  (boots unavailable)
Stlth    ++........             (no amulet)
HPRegen  0.03/turn              (no ring)
MPRegen  0.09/turn              (no ring)

@: quick
A: very small, no armour, no weapons or thrown items, stealth, claws 1, fangs 3,
see invisible, carnivore, speed 1, shaggy fur 1, slow metabolism 1, sharp paws
a: no special abilities


You were on level 1 of the Dungeon.
You were full.

You visited 1 branch of the dungeon, and saw 1 of its levels.

You collected 17 gold pieces.

Inventory:

Scrolls
 a - a scroll of identify {unknown}
 b - a scroll of teleportation
 e - a scroll of fog {unknown}
Potions
 c - a potion of curing
Comestibles
 d - a ration


   Skills:
 + Level 3.0 Fighting
 + Level 0.4 Dodging
 + Level 1.5 Stealth
 * Level 2.2 Unarmed Combat
 + Level 2.0 Spellcasting
   Level 1.5 Translocations
   Level 1.1 Evocations


You had 4 spell levels left.
You didn't know any spells.
Your spell library contained the following spells:

 Spells                   Type           Power        Failure   Level  Hunger
 Blink                    Tloc           N/A          21%         2    ###....
 Shroud of Golubria       Chrm/Tloc      #.....       28%         2    ###....
 Gell's Gravitas          Tloc           #.........   38%         3    ####...
 Lesser Beckoning         Tloc           #.........   38%         3    ####...
 Teleport Other           Tloc           #.......     38%         3    ####...
 Passage of Golubria      Tloc           N/A          80%         4    #####..


Dungeon Overview and Level Annotations

Branches:
Dungeon (1/15)

Altars:


Innate Abilities, Weirdness & Mutations

You cannot wear armour.
You are incapable of wielding weapons or throwing items.
Your paws allow you to move quietly. (Stealth)
You have sharp claws.
You have razor-sharp teeth.
You have supernaturally acute eyesight. (SInv)
You are carnivorous and can eat meat at any time.
You cover ground quickly.
You are covered in fur. (AC +1)
You have a slow metabolism.
Your sharp claws are effective at attacking unaware monsters.


Message History

The bat hits you.
* * * LOW HITPOINT WARNING * * *
The kobold misses you. The bat hits you but does no damage.
You closely miss the kobold. The bat closely misses you.
The kobold closely misses you. The bat barely misses you.
The bat closely misses you.
You see here a stone.
The bat misses you. The bat hits you.
* * * LOW HITPOINT WARNING * * *
The bat hits you but does no damage. The bat hits you.
* * * LOW HITPOINT WARNING * * *
Things that are here:
a +0 short sword; a kobold corpse The bat closely misses you.
The bat barely misses you. The bat hits you.
You die...

.....# ..##.### ##.............
....... ...............# .#.#.#
. #.............# .#...# ..
.............# ..#..##..
............# .........
#####..........# ..##.##.
#..............# ....>####+#
#...@b.รท.......#
..........###......)....#######
#...#........%......K.........#
...............####...$.......#
......###......# #...........#
.......##......# #..g........#
#.........##.### ######....####
................
#######().......
#..+###########.
................


You could see a goblin, a bat and a kobold.

Vanquished Creatures
  A goblin (D:1)
  A hobgoblin (D:1)
  A bat (D:1)
  A frilled lizard (D:1)
  3 kobolds (D:1)
7 creatures vanquished.

Notes
Turn   | Place    | Note
-------+----------+-------------------------------------------
     0 | D:1      | Descartes the Felid Wanderer began the quest for the Orb.
     0 | D:1      | Descartes set off with the following items: a scroll of
                  | teleportation, a potion of curing, a ration; and the
                  | following spells available to memorise: Blink, Shroud of
                  | Golubria, Gell's Gravitas, Lesser Beckoning, Teleport
                  | Other, Passage of Golubria
     0 | D:1      | Reached XP level 1. HP: 10/10 MP: 4/4
   238 | D:1      | Slain by a bat

Levels and vault maps discovered:
D:1:      eino_arrival_cavern_e, layout_basic, kennysheep_pointless_box

Action                   || total
-------------------------++-------
Melee: Unarmed           ||    20
  Eat: Chunk             ||     2
Armor: Skin              ||     4
Dodge: Dodged            ||    22
